 Dungeon Crawl Stone Soup version 0.14-b1-49-gc72db44 (webtiles) character file.

299 Iskender the Nimble (level 4, -2/21 HPs)
             Began as a Felid Chaos Knight on Apr 9, 2014.
             Was a Plaything of Xom.
             Splashed by a jelly's acid (13 damage)
             ... in a sewer.
             The game lasted 00:22:10 (3179 turns).

Iskender the Nimble (Felid Chaos Knight)            Turns: 3179, Time: 00:22:10

HP  -2/21        AC  1     Str 10      XL: 4   Next: 91%
MP   7/7         EV 23     Int 15      God: Xom
Gold 168         SH  0     Dex 15      Spells:  0 memorised,  3 levels left
Lives: 0, deaths: 1

rFire  . . .     SeeInvis +       - Unarmed
rCold  . . .     Clarity  .     (armour unavailable)
rNeg   . . .     Conserve .     (shield unavailable)
rPois  .         rCorr    .     (helmet unavailable)
rElec  .         rRot     .     (cloak unavailable)
SustAb . .       Spirit   .     (gloves unavailable)
rMut   .         Warding  .     (boots unavailable)
Saprov . . .     Stasis   .     (no amulet)
MR     .....                    (no ring)
                                e - +2 ring of strength

@: quick, not resistant to hostile enchantments, very stealthy
A: paw claws, no armour, no weapons or thrown items, fangs 3, see invisible,
carnivore 3, speed 1, shaggy fur 1, slow metabolism 1, jump 1
a: Jump Attack, Renounce Religion


You were in a sewer.
You worshipped Xom.
You were a favourite toy of Xom.
You were full.

You visited 1 branch of the dungeon, and saw 4 of its levels.
You also visited: Sewer.

You collected 168 gold pieces.

Inventory:

Missiles
 d - 26 stones
 n - 16 arrows of flame
Comestibles
 c - 2 meat rations
 r - a slice of pizza
Scrolls
 f - a scroll of teleportation
 g - a scroll of enchant armour {unknown}
 i - a scroll of immolation {unknown}
 j - 3 scrolls of remove curse
 m - a scroll of enchant weapon II {unknown}
 o - a scroll of enchant weapon I {unknown}
 q - a scroll of identify {unknown}
 s - a scroll of blinking {unknown}
Jewellery
 e - a +2 ring of strength (left paw)
 h - an uncursed amulet of clarity {unknown}
 k - an uncursed ring of fire
 l - a -6,+5 ring of slaying {unknown}
Potions
 a - a potion of resistance {unknown}
 b - 2 potions of curing {unknown}
 p - a potion of beneficial mutation {unknown}


   Skills:
 - Level 3.0 Fighting
 - Level 9.1 Dodging
 + Level 5.4 Stealth
 - Level 7.1 Unarmed Combat


You had 3 spell levels left.
You didn't know any spells.

Dungeon Overview and Level Annotations

Branches:
Dungeon (4/15)
 Temple: D:4-7

Altars:
Ashenzari
Trog


Innate Abilities, Weirdness & Mutations

You cannot wear armour.
You are incapable of wielding weapons or throwing items.
Your paws have sharp claws.
You have razor-sharp teeth.
You have supernaturally acute eyesight.
You are carnivorous and can eat meat at any time.
You cover ground quickly.
You are covered in fur (AC +1).
You have a slow metabolism.
You can jump attack at a short distance.


Message History

Xom opens a gate.
What do you say? t - Yowl!
Orders for allies: a - Attack new target. r - Retreat! s - Stop attacking. w - Wait here. f - Follow me.
Anything else - Stay silent.
Gang up on whom?
Press: ? - help, Dir - move target cursor, f - jelly
Aim: a jelly Attack!
You scratch the jelly.
Your paws burn!
The jelly is lightly wounded.
The jelly completely misses you.
You claw the jelly!
Your paws burn!
The jelly is heavily wounded.
The jelly hits you.
You are splashed with acid!
The acid burns!
Ouch! That really hurt!
You die...
Xom bursts into laughter!

######### .
.≈≈≈...≈≈#### ≈
≈≈≈≈.≈≈%.≈≈≈####
.#########≈≈≈≈≈≈@##
####≈≈5J≈##
###≈≈≈≈## #######
##≈..≈# ###≈F≈≈≈###
##.≈≈##
#≈≈≈≈≈≈≈≈≈## #S..≈#
≈≈≈§.≈..≈≈≈##
##≈≈≈#
≈≈≈≈..%?.≈l≈#
#≈≈≈.#
Ss≈≈§.(.$.≈≈#.
#≈≈.∩#


You could see a jelly, a ball python and a friendly iron imp.

Vanquished Creatures
  3 adders
  8 giant mites
  2 worms (D:3)
  12 giant geckos
  2 orcs (D:3)
  5 bats
  13 giant cockroaches
  9 goblins
  14 hobgoblins
  13 kobolds
  An ooze (D:1)
  A quokka (D:4)
  4 ball pythons
  7 giant newts
  7 jackals
  4 rats (D:1)
105 creatures vanquished.

Vanquished Creatures (collateral kills)
  2 kobolds (D:4)
2 creatures vanquished.

Vanquished Creatures (others)
  A crimson imp (Sewer)
1 creature vanquished.

Grand Total: 108 creatures vanquished

Notes
Turn   | Place    | Note
--------------------------------------------------------------
     0 | D:1      | Iskender, the Felid Chaos Knight, began the quest for the Orb.
     0 | D:1      | Reached XP level 1. HP: 10/10 MP: 2/2
    17 | D:1      | Reached skill level 1 in Stealth
   260 | D:1      | Reached XP level 2. HP: 14/14 MP: 3/3
   332 | D:1      | XOM: potion effect (experience)
   332 | D:1      | Reached skill level 9 in Dodging
   332 | D:1      | Reached XP level 3. HP: 17/17 MP: 5/5
   769 | D:1      | XOM: harmless Hex miscast
   934 | D:2      | Reached XP level 4. HP: 21/21 MP: 7/7
  1272 | D:2      | XOM: silly message
  1276 | D:2      | XOM is BORED!
  1276 | D:2      | XOM: medium Trmt miscast
  2287 | D:3      | Found a shattered altar of Ashenzari.
  2287 | D:3      | Found a bloodstained altar of Trog.
  2300 | D:3      | XOM: harmless Ice miscast
  2386 | D:3      | XOM: god gift: 14 arrows of flame
  2456 | D:3      | XOM: vitrification
  2649 | D:4      | XOM: divination: magic mapping
  2670 | D:4      | XOM: confuse monster(s)
  2701 | D:4      | Reached XP level 5. HP: 22/24 MP: 8/8
  2814 | D:4      | Found a glowing drain.
  2842 | Sewer    | Entered a sewer
  2954 | Sewer    | XOM: 2-stop teleportation journey
  2957 | Sewer    | Reached skill level 5 in Stealth
  3013 | Sewer    | XOM: medium Necr miscast
  3081 | Sewer    | Splashed by a jelly's acid
  3082 | Sewer    | Reached XP level 4. HP: -1/21 MP: 7/7
  3141 | Sewer    | XOM: summons friendly crimson imp
  3156 | Sewer    | XOM: 8-stop teleportation journey
  3176 | Sewer    | XOM: summons friendly iron imp
  3179 | Sewer    | Splashed by a jelly's acid

Action                   |  1- 3 |  4- 6 || total
-------------------------+-------+-------++-------
Melee: Unarmed           |    94 |   187 ||   281
  Use: Scroll            |       |     2 ||     2
 Stab: Sleeping          |     4 |     9 ||    13
       Distracted        |       |     1 ||     1
